 Dungeon Crawl Stone Soup version 0.27-a0-1513-g2aaa0cc67b (webtiles) character file.

Game seed: 14831591091701890350

2855 nyamberluvr69 the Carver (level 9, -3/105 HPs)
             Began as an Octopode Berserker on July 9, 2021.
             Was an Elder of Trog.
             Slain by a killer bee (6 damage)
             ... on level 8 of the Dungeon.
             The game lasted 00:09:59 (9053 turns).

nyamberluvr69 the Carver (Octopode Berserker)       Turns: 9053, Time: 00:09:59

Health: -3/105     AC:  1    Str: 17    XL:     9   Next: 75%
Magic:  9/9        EV: 14    Int:  9    God:    Trog [****..]
Gold:   445        SH:  0    Dex: 20    Spells: 8/8 levels left

rFire    . . .     SeeInvis +   r - +0 long sword
rCold    . . .     Faith    .   (no shield)
rNeg     . . .     Spirit   .   (helmet restricted)
rPois    .         Reflect  .   (no amulet)
rElec    .         Harm     .   l - +6 ring of dexterity
rCorr    .         Rampage  .   b - ring of see invisible
Will     ++...                  (no ring)
Stlth    ..........             (no ring)
HPRegen  1.27/turn              (no ring)
MPRegen  0.11/turn              (no ring)
                                (no ring)
                                (no ring)

@: berserking, lethally poisoned (-3 -> -6), strong-willed, regenerating, very
quick
A: almost no armour, amphibious, 8 rings, camouflage 1, gelatinous body 1,
(nimble swimmer 1), tentacles
a: Renounce Religion, Berserk, Trog's Hand, Brothers in Arms


You were on level 8 of the Dungeon.
You worshipped Trog.
Trog was greatly pleased with you.
You visited 1 branch of the dungeon, and saw 8 of its levels.

You collected 445 gold pieces.

Inventory:

Hand Weapons
 a - a +0 falchion
 k - a +0 short sword of electrocution
 r - a +0 long sword (weapon)
Armour
 y - a +0 buckler
Jewellery
 b - a ring of see invisible (right tentacle)
 l - a +6 ring of dexterity (left tentacle)
 w - a ring of magical power
Wands
 n - a wand of digging (5)
 p - a wand of iceblast (13)
 q - a wand of paralysis (9)
Scrolls
 c - 7 scrolls of identify {unknown}
 d - 2 scrolls of immolation {unknown}
 e - 2 scrolls of teleportation {unknown}
 g - a scroll of noise {unknown}
 h - a scroll of summoning {unknown}
 o - a scroll of fear {unknown}
Potions
 f - a potion of degeneration {unknown}
 i - a potion of heal wounds {unknown}
 j - a potion of resistance {unknown}
 m - a potion of curing {unknown}
 s - a potion of brilliance {unknown}
 t - a potion of attraction {unknown}
 u - a potion of ambrosia {unknown}
 v - a potion of berserk rage {unknown}
 x - 2 potions of lignification {unknown}
 z - a potion of mutation {unknown}
 A - a potion of haste


   Skills:
 + Level 9.8 Fighting
 + Level 9.8 Long Blades
 - Level 3.0 Dodging


You had 8 spell levels left.
You didn't know any spells.
Your spell library was empty.

Dungeon Overview and Level Annotations

Branches:
Dungeon (8/15)             Temple (0/1) D:4
   Lair: D:8-11

Altars:
Sif Muna

Annotations:
D:6 4 runed translucent doors, Crazy Yiuf; Nausicaa's ghost, novice TrMo; nyamberluvr69's ghost, novice OpBe


Innate Abilities, Weirdness & Mutations

You cannot wear most types of armour.
You are amphibious.
You can wear up to eight rings at the same time.
Your skin changes colour to match your surroundings (Stealth+).
Your rubbery body absorbs attacks. (AC +1, EV +1)
((You are camouflaged near water. (Stealth+)))
You have tentacles for arms and can constrict up to eight enemies at once.


Message History

You are more poisoned.
The killer bee poisons you!
You are too injured to fight recklessly!
Unknown command.
You are too injured to fight recklessly!
Unknown command.
You are too injured to fight recklessly!
You slice the killer bee!!
You kill the killer bee!
Trog accepts your kill.
You constrict the killer bee.
You feel sick. The killer bee barely misses you. The killer bee stings you.
* * * LOW HITPOINT WARNING * * *
The killer bee stings you!
* * * LOW HITPOINT WARNING * * *
The killer bee misses you. The killer bee barely misses you.
You riposte.
You closely miss the killer bee. Your grab misses the killer bee.
You squeeze the killer bee.
The killer bee is heavily wounded.
The killer bee barely misses you. The killer bee stings you.
* * * LOW HITPOINT WARNING * * *
You are too berserk!
You release your grip on the killer bee.
You feel sick. The killer bee stings you.
* * * LOW HITPOINT WARNING * * *
The killer bee misses you.
You riposte.
You barely miss the killer bee. Your grab misses the killer bee.
The killer bee is almost dead.
The killer bee closely misses you.
There is a stone staircase leading up here.
You see here a killer bee corpse.
You feel a strong urge to attack something.
* * * LOW HITPOINT WARNING * * *
You feel very sick. The killer bee closely misses you.
You riposte.
You slash the killer bee! Your grab misses the killer bee.
The killer bee is heavily wounded.
The killer bee closely misses you. The killer bee misses you.
The killer bee stings you.
You die...

###..# #.## #..... #...
.# ##..... ... .
#..##.....##.# ..
..........#..##...
#..................#
....#..........##..##
....#.....yy..##....#
.........@y.........
#........y.##...... #
##.......))..#......
##.##.......)...........
#.......................
o................#.##>..
#...............### .
#........##.....##
...#...!..#.......#..


You could see 4 killer bees.

Vanquished Creatures
  Sigmund (D:4)
  Eustachio (D:6)
  A wyvern (D:7)
  A steam dragon (D:7)
  A water moccasin (D:4)
  An orc warrior (D:5)
  A sky beast (D:6)
  A necrophage (D:5)
  2 ogres
  3 centaurs
  A phantom (D:5)
  A kobold brigand (D:7)
  3 bullfrogs
  A gnoll sergeant (D:7)
  A scorpion (D:5)
  2 killer bees (D:8)
  2 howler monkeys (D:7)
  2 bullfrog zombies
  2 hounds
  2 orc priests
  2 bullfrog skeletons
  A jelly (D:4)
  A gnoll shaman (D:7)
  3 iguanas
  7 orc wizards
  8 adders
  10 gnolls
  A shadow imp (D:6)
  2 white imps
  2 ufetubi
  2 worms
  4 dart slugs
  22 orcs
  6 endoplasms
  A giant cockroach (D:1)
  5 goblins
  4 hobgoblins
  12 jackals
  13 kobolds
  4 quokkas (D:1)
  6 ball pythons
  6 bats
  2 frilled lizards (D:2)
  A quokka skeleton (D:4)
  A rat (D:1)
156 creatures vanquished.

Vanquished Creatures (others)
  6 withered plants (D:6)
6 creatures vanquished.

Grand Total: 162 creatures vanquished

Notes
Turn   | Place    | Note
-------+----------+-------------------------------------------
     0 | D:1      | nyamberluvr69 the Octopode Berserker began the quest for
                  | the Orb.
     0 | D:1      | Reached XP level 1. HP: 16/16 MP: 1/1
   354 | D:1      | Found a faded altar of an unknown god.
   424 | D:1      | Reached XP level 2. HP: 21/21 MP: 2/2
   685 | D:1      | HP: 1/21 [frozen (5)]
  1283 | D:1      | Reached XP level 3. HP: 21/26 MP: 3/3
  1575 | D:2      | Reached XP level 4. HP: 33/33 MP: 4/4
  1588 | D:2      | Reached ** piety under Trog
  1882 | D:2      | Noticed an ogre
  1888 | D:2      | Killed an ogre
  1889 | D:2      | Reached XP level 5. HP: 31/38 MP: 5/5
  3459 | D:4      | Found a staircase to the Ecumenical Temple.
  3474 | D:4      | Noticed Sigmund
  3481 | D:4      | Killed Sigmund
  3482 | D:4      | Reached skill level 5 in Fighting
  3482 | D:4      | Reached skill level 5 in Long Blades
  3482 | D:4      | Reached XP level 6. HP: 39/45 MP: 6/6
  3875 | D:4      | Found a shimmering blue altar of Sif Muna.
  3899 | D:4      | Reached XP level 7. HP: 32/51 MP: 7/7
  4350 | D:5      | Entered Level 5 of the Dungeon
  4587 | D:5      | Reached *** piety under Trog
  4922 | D:5      | Reached XP level 8. HP: 60/60 MP: 8/8
  5522 | D:6      | Found a runed translucent gate.
  5522 | D:6      | Found a runed translucent gate.
  5522 | D:6      | Noticed nyamberluvr69's ghost (novice OpBe)
  5523 | D:6      | Found a runed translucent gate.
  5523 | D:6      | Noticed Nausicaa's ghost (novice TrMo)
  5813 | D:6      | Noticed Eustachio
  5824 | D:6      | Killed Eustachio
  6598 | D:6      | Reached XP level 9. HP: 63/67 MP: 9/9
  6968 | D:6      | Found a runed translucent door.
  6969 | D:6      | Noticed Crazy Yiuf
  8283 | D:7      | Reached **** piety under Trog
  9052 | D:8      | HP: 5/105 [killer bee (5)]
  9053 | D:8      | Slain by a killer bee

Illustrated notes

Levels and vault maps discovered:
D:1:      dpeg_arrival_three_same_balls, layout_loops_corners,
          basic_ecumenical_altar
D:2:      layout_rooms, corexii_corridor_pit, minmay_close_crescents
D:3:      layout_basic
D:4:      layout_basic, led_sif_book, minmay_temple_entry_statues,
          wad_floor_pattern_untrapped, minmay_a_box_with_orc_wizards_in_it,
          uniq_sigmund
D:5:      layout_rooms
D:6:      layout_basic, gammafunk_ghost_cemetery, corexii_checkpoint_a,
          nicolae_zen_rock_garden, kennysheep_generic_room_3,
          uniq_crazy_yiuf_cottage, uniq_eustachio
D:7:      layout_rooms, minmay_crystal_room
D:8:      layout_cave_pools

Skill      XL: |  1  2  3  4  5  6  7  8  9 |
---------------+----------------------------+-----
Fighting       | 4 5 7 8 9 |  9.8
Long Blades    | 4 5 7 8 9 |  9.8
Dodging        | |  3.0

Action                   |  1- 3 |  4- 6 |  7- 9 || total
-------------------------+-------+-------+-------++-------
Melee: Falchion          |    60 |    77 |    54 ||   191
       Constrict         |    19 |    23 |    57 ||    99
       Tentacles         |    14 |    14 |    74 ||   102
       Long sword        |       |       |   179 ||   179
Invok: Berserk           |     1 |     2 |     8 ||    11
       Trog's Hand       |       |       |     3 ||     3
Evoke: Wand              |       |       |     3 ||     3
 Stab: Sleeping          |     7 |     6 |     5 ||    18
       Paralysed         |       |       |     5 ||     5
       Distracted        |       |       |     1 ||     1
Armor: Skin              |     6 |     6 |     5 ||    17
Dodge: Dodged            |    40 |    45 |   162 ||   247
       Rpst.: Falchion   |    11 |    13 |     8 ||    32
       Long sword        |       |       |    34 ||    34

Table legend: (Time is in decaauts)
 A = Elapsed time spent in this place.
 B = Non-inter-level travel time spent in this place.
 C = Inter-level travel time spent in this place.
 D = Time resting spent in this place.
 E = Time spent auto-exploring this place.
 F = Levels seen in this place.
 G = Mean time per level.
                   A        B        C        D        E       F      G
               +--------+--------+--------+--------+--------+-----+--------+
         Total |   9143 |   8927 |    216 |   2443 |   5421 |   8 | 1142.9 |
       Dungeon |   9143 |   8927 |    216 |   2443 |   5421 |   8 | 1142.9 |
               +--------+--------+--------+--------+--------+-----+--------+

Top non-repeatable levels by time:
     D:6: 2214 daAuts
     D:1: 1531 daAuts
     D:4: 1398 daAuts
     D:7: 1340 daAuts
     D:3: 1221 daAuts
     D:5: 785 daAuts
     D:2: 593 daAuts
     D:8: 57 daAuts
